PBL
COLUMBUS REDS @ CANTON INDIANS
07/25/2049
 
TOP OF THE 1ST
Columbus Reds batting - Pitching for Canton Indians : LHP Sterling Peyton
Pitching: LHP Sterling Peyton
Batting: RHB Tony Camacho 0-0: Fly out, F3 (Popup, 3SF, EV 65.6 MPH)
Batting: SHB Bill Dissette 0-0: Called Strike
0-1: Called Strike
0-2: Strikes out swinging
Batting: RHB Aaron Barraza 0-0: Foul Ball, location: 2F
0-1: Fly out, F9 (Line Drive, 9LS, EV 97.5 MPH)
Top of the 1st over - 0 runs, 0 hits, 0 errors, 0 left on base; Columbus 0 - Canton 0
BOTTOM OF THE 1ST
Canton Indians batting - Pitching for Columbus Reds : LHP Keiji Shimomura
Pitching: LHP Keiji Shimomura
Batting: RHB Nick Rainey 0-0: Swinging Strike
0-1: Swinging Strike
0-2: Ball
1-2: Ball
2-2: Strikes out swinging
Batting: RHB David Haas 0-0: Ball
1-0: Called Strike
1-1: Fly out, F8 (Flyball, 8LXD, EV 86.2 MPH)
Batting: RHB Rob Marti 0-0: Swinging Strike
0-1: Ball
1-1: Ball
2-1: Fly out, F8 (Line Drive, 8RD, EV 93.1 MPH)
Bottom of the 1st over - 0 runs, 0 hits, 0 errors, 0 left on base; Columbus 0 - Canton 0
TOP OF THE 2ND
Columbus Reds batting - Pitching for Canton Indians : LHP Sterling Peyton
Batting: RHB Matt Carman 0-0: Ball
1-0: Called Strike
1-1: Swinging Strike
1-2: Strikes out swinging
Batting: SHB Colin Black 0-0: Called Strike
0-1: Ball
1-1: Fly out, F8 (Flyball, 89D, EV 85.6 MPH)
Batting: LHB Gabe Morales 0-0: Ball
1-0: Foul Ball, location: 2F
1-1: Ball
2-1: Called Strike
2-2: Fly out, F9 (Flyball, 9S, EV 87.5 MPH)
Top of the 2nd over - 0 runs, 0 hits, 0 errors, 0 left on base; Columbus 0 - Canton 0
BOTTOM OF THE 2ND
Canton Indians batting - Pitching for Columbus Reds : LHP Keiji Shimomura
Batting: LHB Julio Zamora 0-0: Ball
1-0: Fly out, F7 (Flyball, 7D, EV 96.9 MPH)
Batting: RHB Ryan Paquette 0-0: Called Strike
0-1: Ball
1-1: Ground out 4-3 (Groundball, 4, EV 89.4 MPH)
Batting: RHB Oscar Hernandez 0-0: Foul Ball, location: 2F
0-1: Called Strike
0-2: DOUBLE (Flyball, 8LD, EV 96.9 MPH)
Batting: RHB Giuliano Giacoletti Jr. 0-0: Called Strike
0-1: DOUBLE (Line Drive, 9LS, EV 111.9 MPH)
Oscar Hernandez scores
Batting: RHB Jesus Sanchez 0-0: Ball
1-0: Ground out 5-3 (Groundball, 56, EV 105.6 MPH)
Bottom of the 2nd over - 1 run, 2 hits, 0 errors, 1 left on base; Columbus 0 - Canton 1
TOP OF THE 3RD
Columbus Reds batting - Pitching for Canton Indians : LHP Sterling Peyton
Batting: RHB Cornholdo Schwerin 0-0: Swinging Strike
0-1: Foul Ball, location: 2F
0-2: Ball
1-2: Ball
2-2: SINGLE (Line Drive, 8RS, EV 101.9 MPH)
Batting: RHB Nick Partain 0-0: Ball
1-0: Ball
2-0: Ball
3-0: Base on Balls
Cornholdo Schwerin to second
Batting: RHB Jorge Velez 0-0: Ball
1-0: SINGLE (Flyball, 7, EV 97.5 MPH)
Cornholdo Schwerin to third
Nick Partain to second
Batting: RHB Tony Camacho 0-0: Ball
1-0: Fielders Choice at 2nd, 6-4 (Groundball, 56D, EV 100.6 MPH)
Cornholdo Schwerin scores
Nick Partain to third
Batting: SHB Bill Dissette 0-0: Called Strike
0-1: Ball
1-1: Ball
2-1: Called Strike
2-2: Ball
3-2: Fly out, F7 (Line Drive, 78M, EV 100.0 MPH)
Batting: RHB Aaron Barraza 0-0: Foul Ball, location: 2F
0-1: Swinging Strike
0-2: Foul Ball, location: 2F
0-2: Ball
1-2: Ball
2-2: Foul Ball, location: 2F
2-2: Ball
3-2: Ground out 4-3 (Groundball, 34, EV 81.9 MPH)
Top of the 3rd over - 1 run, 2 hits, 0 errors, 2 left on base; Columbus 1 - Canton 1
BOTTOM OF THE 3RD
Canton Indians batting - Pitching for Columbus Reds : LHP Keiji Shimomura
Batting: SHB Jose Abreu 0-0: Ball
1-0: Ball
2-0: Ground out 6-3 (Groundball, 6, EV 90.0 MPH)
Batting: RHB Nick Rainey 0-0: Ball
1-0: Ball
2-0: Ball
3-0: Called Strike
3-1: Foul Ball, location: 2F
3-2: Base on Balls
Batting: RHB David Haas 0-0: Fly out, F7 (Line Drive, 7S, EV 95.0 MPH)
Batting: RHB Rob Marti 0-0: Called Strike
0-1: Ball
1-1: Called Strike
1-2: Strikes out swinging
Bottom of the 3rd over - 0 runs, 0 hits, 0 errors, 1 left on base; Columbus 1 - Canton 1
TOP OF THE 4TH
Columbus Reds batting - Pitching for Canton Indians : LHP Sterling Peyton
Batting: RHB Matt Carman 0-0: Ball
1-0: Called Strike
1-1: Called Strike
1-2: Strikes out swinging
Batting: SHB Colin Black 0-0: Foul Ball, location: 2F
0-1: Foul Ball, location: 2F
0-2: SINGLE (Line Drive, 8RS, EV 88.8 MPH)
Batting: LHB Gabe Morales 0-0: Called Strike
0-1: Called Strike
0-2: Foul Ball, location: 2F
0-2: Strikes out looking
Batting: RHB Cornholdo Schwerin 0-0: Called Strike
0-1: Called Strike
0-2: Strikes out swinging
Top of the 4th over - 0 runs, 1 hit, 0 errors, 1 left on base; Columbus 1 - Canton 1
BOTTOM OF THE 4TH
Canton Indians batting - Pitching for Columbus Reds : LHP Keiji Shimomura
Batting: LHB Julio Zamora 0-0: Called Strike
0-1: Foul Ball, location: 2F
0-2: Foul Ball, location: 2F
0-2: Ball
1-2: Ball
2-2: Fly out, F8 (Flyball, 8RXD, EV 94.4 MPH)
Batting: RHB Ryan Paquette 0-0: Swinging Strike
0-1: Ball
1-1: Fly out, F7 (Line Drive, 7S, EV 109.4 MPH)
Batting: RHB Oscar Hernandez 0-0: Swinging Strike
0-1: Fly out, F9 (Flyball, 89S, EV 94.4 MPH)
Bottom of the 4th over - 0 runs, 0 hits, 0 errors, 0 left on base; Columbus 1 - Canton 1
TOP OF THE 5TH
Columbus Reds batting - Pitching for Canton Indians : LHP Sterling Peyton
Batting: RHB Nick Partain 0-0: Ball
1-0: Ground out 5-3 (Groundball, 56, EV 105.0 MPH)
Batting: RHB Jorge Velez 0-0: Called Strike
0-1: Swinging Strike
0-2: Ball
1-2: Strikes out swinging
Batting: RHB Tony Camacho 0-0: Called Strike
0-1: Foul Ball, location: 2F
0-2: Strikes out swinging
Top of the 5th over - 0 runs, 0 hits, 0 errors, 0 left on base; Columbus 1 - Canton 1
BOTTOM OF THE 5TH
Canton Indians batting - Pitching for Columbus Reds : LHP Keiji Shimomura
Batting: RHB Giuliano Giacoletti Jr. 0-0: Ball
1-0: Ball
2-0: Called Strike
2-1: Foul Ball, location: 2F
2-2: Strikes out swinging
Batting: RHB Jesus Sanchez 0-0: Ball
1-0: Called Strike
1-1: Foul Ball, location: 2F
1-2: Strikes out swinging
Batting: SHB Jose Abreu 0-0: Ball
1-0: Ball
2-0: Swinging Strike
2-1: Foul Ball, location: 2F
2-2: Strikes out swinging
Bottom of the 5th over - 0 runs, 0 hits, 0 errors, 0 left on base; Columbus 1 - Canton 1
TOP OF THE 6TH
Columbus Reds batting - Pitching for Canton Indians : LHP Sterling Peyton
Batting: SHB Bill Dissette 0-0: Ball
1-0: Foul Ball, location: 2F
1-1: Ball
2-1: Ball
3-1: Foul Ball, location: 2F
3-2: Foul Ball, location: 2F
3-2: Strikes out swinging
Batting: RHB Aaron Barraza 0-0: Foul Ball, location: 2F
0-1: Called Strike
0-2: Strikes out swinging
Batting: RHB Matt Carman 0-0: Called Strike
0-1: Foul Ball, location: 2F
0-2: Ball
1-2: Strikes out looking
Top of the 6th over - 0 runs, 0 hits, 0 errors, 0 left on base; Columbus 1 - Canton 1
BOTTOM OF THE 6TH
Canton Indians batting - Pitching for Columbus Reds : LHP Keiji Shimomura
Batting: RHB Nick Rainey 0-0: Called Strike
0-1: Ball
1-1: Ground out 5-3 (Groundball, 56, EV 105.0 MPH)
Batting: RHB David Haas 0-0: SOLO HOME RUN (Flyball, 89XD, EV 108.1 MPH), Distance : 432 ft
Batting: RHB Rob Marti 0-0: Foul Ball, location: 2F
0-1: Ball
1-1: Ball
2-1: Ball
3-1: Foul Ball, location: 2F
3-2: SOLO HOME RUN (Line Drive, 7D, EV 105.0 MPH), Distance : 383 ft
Batting: LHB Julio Zamora 0-0: Called Strike
0-1: Foul Ball, location: 2F
0-2: Ball
1-2: Foul Ball, location: 2F
1-2: Foul Ball, location: 2F
1-2: Fly out, F9 (Flyball, 9D, EV 108.8 MPH)
Batting: RHB Ryan Paquette 0-0: Called Strike
0-1: Ball
1-1: Called Strike
1-2: Strikes out looking
Bottom of the 6th over - 2 runs, 2 hits, 0 errors, 0 left on base; Columbus 1 - Canton 3
TOP OF THE 7TH
Columbus Reds batting - Pitching for Canton Indians : LHP Sterling Peyton
Pitching: LHP Marco Atilano
Batting: SHB Colin Black 0-0: SINGLE (Line Drive, 9S, EV 99.4 MPH)
Batting: LHB Gabe Morales 0-0: SINGLE (Line Drive, 7S, EV 93.8 MPH)
Colin Black to second
Pinch Hitting: SHB Eddie Crawford 0-0: Ball
1-0: Bunted foul
1-1: Sac Bunt to 23 - play at first, batter OUT! 3-4
Colin Black to third
Gabe Morales to second
Pinch Hitting: RHB Alex Ruybalid 0-0: Called Strike
0-1: Foul Ball, location: 2F
0-2: Strikes out swinging
Pinch Hitting: LHB Jamel Wilhite 0-0: Swinging Strike
0-1: Called Strike
0-2: Ball
1-2: Ball
2-2: Foul Ball, location: 2F
2-2: Ball
3-2: Base on Balls
Batting: RHB Tony Camacho 0-0: Ball
1-0: Called Strike
1-1: Swinging Strike
1-2: Foul Ball, location: 2F
1-2: Foul Ball, location: 2F
1-2: Strikes out swinging
Top of the 7th over - 0 runs, 2 hits, 0 errors, 3 left on base; Columbus 1 - Canton 3
BOTTOM OF THE 7TH
Canton Indians batting - Pitching for Columbus Reds : LHP Keiji Shimomura
Now at 1B: Mat Bencivengo
Now in CF: Alex Ruybalid
Now in RF: Jamel Wilhite
Batting: RHB Oscar Hernandez 0-0: Ball
1-0: Ball
2-0: Called Strike
2-1: Swinging Strike
2-2: Foul Ball, location: 2F
2-2: Ball
3-2: SINGLE (Line Drive, 4MD, EV 103.8 MPH)
Pitching: RHP Aaron McArdle
Batting: RHB Giuliano Giacoletti Jr. 0-0: SINGLE (Groundball, 34, EV 105.0 MPH)
Oscar Hernandez to second
Runner from 2nd tries for 3rd, SAFE, throw by RF made to third
Batting: RHB Jesus Sanchez 0-0: Called Strike
0-1: Fly out, F4 (Line Drive, 4, EV 73.1 MPH)
Batting: SHB Jose Abreu 0-0: Swinging Strike
0-1: Ball
1-1: Foul Ball, location: 2F
1-2: Strikes out looking
Pinch Hitting: SHB Brad Larabel 0-0: Called Strike
0-1: Swinging Strike
0-2: Strikes out swinging
Bottom of the 7th over - 0 runs, 2 hits, 0 errors, 2 left on base; Columbus 1 - Canton 3
TOP OF THE 8TH
Columbus Reds batting - Pitching for Canton Indians : LHP Marco Atilano
Now in LF: Jonathan Johnstad
Batting: SHB Bill Dissette 0-0: Called Strike
0-1: Ball
1-1: Called Strike
1-2: Ball
2-2: Ball
3-2: Foul Ball, location: 2F
3-2: Foul Ball, location: 2F
3-2: Foul Ball, location: 2F
3-2: Strikes out swinging
Batting: RHB Aaron Barraza 0-0: Called Strike
0-1: Ball
1-1: Foul Ball, location: 2F
1-2: Fly out, F1 (Line Drive, P, EV 77.5 MPH)
Batting: RHB Matt Carman 0-0: Ball
1-0: Ball
2-0: Foul Ball, location: 2F
2-1: Called Strike
2-2: Strikes out swinging
Top of the 8th over - 0 runs, 0 hits, 0 errors, 0 left on base; Columbus 1 - Canton 3
BOTTOM OF THE 8TH
Canton Indians batting - Pitching for Columbus Reds : RHP Aaron McArdle
Batting: RHB David Haas 0-0: Called Strike
0-1: Swinging Strike
0-2: Foul Ball, location: 2F
0-2: Strikes out looking
Batting: RHB Rob Marti 0-0: Called Strike
0-1: Fly out, F8 (Flyball, 8LD, EV 95.0 MPH)
Batting: LHB Julio Zamora 0-0: Called Strike
0-1: Swinging Strike
0-2: Ball
1-2: Foul Ball, location: 2F
1-2: Ball
2-2: Ball
3-2: Strikes out swinging
Bottom of the 8th over - 0 runs, 0 hits, 0 errors, 0 left on base; Columbus 1 - Canton 3
TOP OF THE 9TH
Columbus Reds batting - Pitching for Canton Indians : LHP Marco Atilano
Pitching: RHP Chase Ashley
Batting: SHB Colin Black 0-0: Called Strike
0-1: Called Strike
0-2: Ball
1-2: Foul Ball, location: 2F
1-2: Strikes out swinging
Batting: LHB Gabe Morales 0-0: Called Strike
0-1: Ball
1-1: Ball
2-1: Foul Ball, location: 2F
2-2: Strikes out swinging
Batting: LHB Mat Bencivengo 0-0: Called Strike
0-1: Foul Ball, location: 2F
0-2: Strikes out swinging
Top of the 9th over - 0 runs, 0 hits, 0 errors, 0 left on base; Columbus 1 - Canton 3
Sunday, July 16th , 2023 - OOTP Baseball 24.6 Build 69